 Dungeon Crawl Stone Soup version 0.29-a0-284-gf9362112df (webtiles) character file.

Game seed: 2959947722427821641

427 Morbidden the Ruffian (level 6, -3/55 HPs)
             Began as a Troll Air Elementalist on Mar 14, 2022.
             Slain by a gnoll
             ... wielding a +0 halberd
              (13 damage)
             ... on level 5 of the Dungeon.
             The game lasted 00:04:32 (3226 turns).

Morbidden the Ruffian (Troll Air Elementalist)      Turns: 3226, Time: 00:04:32

Health: -3/55      AC:  4    Str: 17    XL:     6   Next: 65%
Magic:  7/7        EV: 10    Int: 13    God:
Gold:   151        SH:  0    Dex: 10    Spells: 7/8 levels left

rFire   . . .      SeeInvis .     - Unarmed
rCold   . . .      Faith    .   (no shield)
rNeg    . . .      Spirit   .   a - +0 robe
rPois   +          Reflect  .   (helmet restricted)
rElec   .          Harm     .   (no cloak)
rCorr   .          Rampage  .   (gloves unavailable)
Will    .....                   (boots unavailable)
Stlth   +.........              (no amulet)
HPRegen 0.98/turn               h - ring of poison resistance
MPRegen 0.10/turn               (no ring)

@: hasted, very quick
A: large, unfitting armour, claws 3, regeneration 1, shaggy fur 1, tough skin 1
a: no special abilities


You were on level 5 of the Dungeon.
You visited 1 branch of the dungeon, and saw 5 of its levels.
You also visited: Sewer.

You collected 151 gold pieces.

Inventory:

Hand Weapons
 l - a +0 hunting sling
Missiles
 j - 17 poisoned darts (quivered)
Armour
 a - a +0 robe (worn)
Jewellery
 h - a ring of poison resistance (left claw)
Scrolls
 c - 6 scrolls of identify {unknown}
 e - 2 scrolls of enchant weapon {unknown}
 g - a scroll of teleportation {unknown}
 k - a scroll of immolation {unknown}
 m - a scroll of amnesia {unknown}
 n - a scroll of fear {unknown}
 q - a scroll of enchant armour {unknown}
 t - a scroll of summoning {unknown}
Potions
 b - a potion of magic
 d - a potion of haste
 f - 5 potions of heal wounds {unknown}
 i - 3 potions of brilliance {unknown}
 o - 2 potions of curing {unknown}
 p - 3 potions of mutation {unknown}
 r - 2 potions of invisibility {unknown}
 s - a potion of might {unknown}


   Skills:
 * Level 1.5 Fighting
 * Level 3.1 Dodging
 + Level 1.1 Stealth
 * Level 3.9 Unarmed Combat
 * Level 1.7 Spellcasting
 + Level 0.7 Conjurations
 * Level 2.7 Air Magic


You had 7 spell levels left.
You knew the following spells:

 Your Spells              Type           Power      Damage    Failure   Level
a - Shock                 Conj/Air       20%        1d4       13%         1

Your spell library contained the following spells:

 Spells                   Type           Power      Damage    Failure   Level
 Static Discharge         Conj/Air       5%         N/A       19%         2
 Summon Small Mammal      Summ           4%         N/A       26%         1
 Swiftness                Air            8%         N/A       26%         3
 Call Canine Familiar     Summ           1%         N/A       61%         3
 Summon Guardian Golem    Hex/Summ       1%         N/A       61%         3
 Airstrike                Air            4%         N/A       63%         4


Dungeon Overview and Level Annotations

Branches:
Dungeon (5/15)              Sewer (visited)
 Temple: D:4-7

Altars:


Innate Abilities, Weirdness & Mutations

You are too large for most types of armour.
You have claws for hands.
Your natural rate of healing is unusually fast.
You are covered in fur. (AC +1)
You have tough skin. (AC +1)


Message History

You scratch the gnoll shaman but do no damage.
You feel yourself slow down.
You scratch the gnoll shaman.
The gnoll shaman is lightly wounded.
The gnoll closely misses you. The gnoll hits you with a +0 club.
You barely miss the gnoll shaman.
The gnoll shaman is lightly wounded.
The gnoll hits you from afar with a +0 halberd.
The gnoll hits you with a +0 club.
The gnoll shaman hits you with a +0 whip.
You are too injured to fight recklessly!
You are too injured to fight recklessly!
You are too injured to fight recklessly!
You are too injured to fight recklessly!
You are too injured to fight recklessly!
You are too injured to fight recklessly!
You are too injured to fight recklessly!
You are too injured to fight recklessly!
You are too injured to fight recklessly!
You are too injured to fight recklessly!
You are too injured to fight recklessly!
You are too injured to fight recklessly!
You are too injured to fight recklessly!
You are too injured to fight recklessly!
You are too injured to fight recklessly!
You are too injured to fight recklessly!
You are too injured to fight recklessly!
You are too injured to fight recklessly!
Unknown command.
The gnoll attacks as you move away! The gnoll completely misses you.
The gnoll shaman calls upon its god to speed up the gnoll.
The gnoll seems to speed up.
The gnoll hits you with a +0 club.
Unknown command.
You feel yourself speed up. The gnoll hits you with a +0 club.
* * * LOW HITPOINT WARNING * * *
The gnoll hits you with a +3 whip.
* * * LOW HITPOINT WARNING * * *
The gnoll hits you from afar with a +0 halberd!
You die...

##### #... #..
##'#########
#..g.......####
#..g.......'..#
#...gg...).#..#
#...g@....)####
########..)..########
#.....'......#
#.....#......#
#.....#......#
.......#..##..#
...##########..# ....
#........# ....
#........#.


You could see a gnoll shaman and 4 gnolls.

Vanquished Creatures
  A phantom (D:4)
  A jelly (D:4)
  An orc priest (D:5)
  An iguana (D:4)
  An orc wizard (D:5)
  4 gnolls (D:2)
  7 river rats (Sewer)
  3 adders
  5 dart slugs
  3 orcs
  12 ball pythons
  3 endoplasms
  2 giant cockroaches
  8 goblins
  2 hobgoblins (D:2)
  7 jackals
  4 bats
  2 frilled lizards
  20 kobolds
  29 rats
116 creatures vanquished.

Notes
Turn   | Place    | Note
-------+----------+-------------------------------------------
     0 | D:1      | Morbidden the Troll Air Elementalist began the quest for
                  | the Orb.
     0 | D:1      | Reached XP level 1. HP: 16/16 MP: 1/1
    51 | D:1      | Reached XP level 2. HP: 12/23 MP: 2/2
   444 | D:1      | Reached skill level 1 in Unarmed Combat
   577 | D:1      | Reached XP level 3. HP: 31/31 MP: 4/4
   910 | D:2      | Found a faded altar of an unknown god.
  1148 | D:2      | Reached XP level 4. HP: 17/40 MP: 1/5
  1156 | D:2      | HP: 1/40 [gnoll/+0 flail (9)]
  1710 | D:3      | You fall into a shaft and drop 1 floor!
  1754 | D:4      | Noticed a phantom
  1765 | D:4      | Found a glowing drain.
  1776 | D:4      | Killed a phantom
  1777 | D:4      | Reached skill level 1 in Fighting
  1777 | D:4      | Reached XP level 5. HP: 31/48 MP: 6/6
  1784 | Sewer    | Entered a sewer
  2110 | Sewer    | Reached XP level 6. HP: 52/55 MP: 7/7
  3077 | D:5      | Entered Level 5 of the Dungeon
  3226 | D:5      | Slain by a gnoll

Illustrated notes

Levels and vault maps discovered:
D:1:      sevenhm_arrival_forest_fort_small_5, layout_basic
D:2:      layout_loops_ring, ebering_ecumenical_altar_box, st_stairs_10
D:3:      layout_loops_ring
D:4:      layout_loops_ring, portal_sewer_entry_a, roderic_st_hans_cross
D:5:      layout_gridville, xom_confusion_cloud

Skill      XL: |  1  2  3  4  5  6 |
---------------+-------------------+-----
Unarmed Combat | 1 2 3 |  3.9
Dodging        | 2 3 |  3.1
Fighting       | 1 |  1.5
Stealth        | |  1.1
Spellcasting   | |  1.7
Conjurations   | |  0.7
Air Magic      | |  2.7

Action                   |  1- 3 |  4- 6 || total
-------------------------+-------+-------++-------
Melee: Unarmed           |   105 |   223 ||   328
       Punch             |     1 |     3 ||     4
Throw: Dart              |       |     5 ||     5
 Cast: Shock             |     5 |     3 ||     8
  Use: Potion            |       |     3 ||     3
 Stab: Sleeping          |     3 |     1 ||     4
Armor: Robe              |    58 |   105 ||   163
Dodge: Dodged            |    58 |   164 ||   222

Table legend: (Time is in decaauts)
 A = Elapsed time spent in this place.
 B = Non-inter-level travel time spent in this place.
 C = Inter-level travel time spent in this place.
 D = Time resting spent in this place.
 E = Time spent auto-exploring this place.
 F = Levels seen in this place.
 G = Mean time per level.
                   A        B        C        D        E       F      G
               +--------+--------+--------+--------+--------+-----+--------+
         Total |   3202 |   3148 |     54 |      0 |   2374 |   6 |  533.7 |
       Dungeon |   2544 |   2490 |     54 |      0 |   2000 |   5 |  508.8 |
         Sewer |    657 |    657 |      0 |      0 |    374 |   1 |  657.0 |
               +--------+--------+--------+--------+--------+-----+--------+

Top non-repeatable levels by time:
     D:2: 847 daAuts
     D:1: 832 daAuts
     D:4: 703 daAuts
   Sewer: 657 daAuts
     D:5: 127 daAuts
     D:3: 33 daAuts
